Map: Lightshade LE

Players

ShaDoWn

  • Race: Protoss Protoss
  • League: Master
  • Spawn Location: 11:00

Denver - Winner!

  • Race: Zerg Zerg
  • League: Grandmaster
  • Spawn Location: 5:00

Event: DreamHack SC2 Masters 2020 Winter

VOD

Have the link to the VOD?

Description

Time

  • Played on: Oct. 28, 2020, 2:03 p.m.
  • Length: 14:06

All games in this series

Show
View Real Time Build Order
Export as new Build Order

ShaDoWn Protoss 

Build Orders: 1 Gate Expand, Oracle Opening 

Get SALT Encoding   

  12  0:00  Probe  
  13  0:12  Probe  
  14  0:20  Pylon  
  14  0:24  Probe  
  15  0:38  Probe (Chrono Boost)  
  15  0:40  Gateway  
  16  0:47  Probe (Chrono Boost)  
  16  0:49  Assimilator  
  17  0:52  Probe (Chrono Boost)  
  18  1:04  Probe  
  19  1:17  Probe  
  20  1:27  Nexus  
  20  1:37  Cybernetics Core  
  20  1:39  Probe  
  21  1:46  Assimilator  
  21  1:51  Probe  
  22  1:55  Pylon  
  22  2:04  Probe  
  23  2:10  Adept (Chrono Boost)  
  25  2:16  Probe  
  25  2:18  Stargate  
  26  2:28  Warp Gate, Probe (Chrono Boost)  
  27  2:33  Adept  
  29  2:38  Probe (Chrono Boost)  
  29  2:40  Probe (Chrono Boost)  
  31  2:48  Probe x2 (Chrono Boost)  
  33  2:53  Probe (Chrono Boost)  
  33  2:54  Probe, Void Ray (Chrono Boost)  
  35  3:05  Probe  
  40  3:06  Probe  
  40  3:10  Pylon  
  41  3:17  Probe  
  41  3:18  Probe  
  43  3:20  Gateway  
  43  3:29  Probe, Oracle  
  43  3:30  Probe  
  48  3:41  Probe  
  48  3:43  Probe  
  50  3:53  Probe  
  51  4:03  Gateway  
  51  4:04  Gateway, Nexus  
  51  4:06  Pylon  
  51  4:09  Twilight Council  
  51  4:12  Probe  
  52  4:19  Probe  
  52  4:23  Pylon  
  53  4:28  Adept x2, Shield Battery  
  53  4:29  Probe  
  58  4:32  Probe  
  58  4:35  Assimilator  
  58  4:38  Pylon  
  59  4:41  Probe  
  60  4:46  Probe  
  60  4:49  Adept  
  60  4:50  Adept  
  65  4:53  Pylon  
  65  4:54  Probe  
  65  4:55  Resonating Glaives (Chrono Boost)  
  66  5:04  Adept x2  
  70  5:08  Probe  
  70  5:10  Probe  
  70  5:12  Adept x2  
  76  5:16  Probe  
  76  5:20  Probe  
  78  5:22  Assimilator, Probe  
  78  5:25  Adept x2  
  78  5:28  Probe  
  84  5:32  Probe  
  84  5:34  Adept x2, Probe  
  90  5:37  Robotics Facility  
  90  5:40  Probe  
  90  5:41  Assimilator  
  91  5:45  Adept x2  
  91  5:47  Probe  
  96  5:51  Probe  
  96  5:54  Robotics Facility  
  98  5:57  Probe  
  98  5:58  Forge  
  98  6:03  Probe  
  99  6:05  Sentry  
  99  6:07  Pylon x2  
  99  6:10  Probe  
  100  6:16  Probe  
  95  6:19  Probe  
  95  6:23  Immortal (Chrono Boost)  
  95  6:25  Pylon  
  100  6:28  Assimilator, Protoss Ground Weapons Level 1 (Chrono Boost)  
  98  6:32  Blink  
  98  6:36  Photon Cannon  
  98  6:37  Shield Battery  
  98  6:43  Immortal (Chrono Boost)  
  100  6:52  Immortal (Chrono Boost)  
  104  6:54  Photon Cannon  
  104  6:55  Stalker, Sentry  
  104  7:06  Stalker x2  
  94  7:19  Immortal (Chrono Boost)  
  94  7:20  Stalker x2  
  94  7:21  Gateway  
  82  7:31  Stalker x2  
  82  7:33  Probe x3  
  83  7:43  Stalker x2  
  79  7:45  Probe  
  80  7:54  Probe x2  
  80  7:57  Probe  
  76  7:59  Adept  
  76  8:00  Adept  
  72  8:05  Shield Battery  
  72  8:06  Probe  
  72  8:07  Adept x2, Probe  
  72  8:09  Probe  
  72  8:11  Pylon  
  77  8:13  Pylon  
  75  8:23  Pylon  
  75  8:26  Immortal  
  61  8:27  Stalker x3  
  65  8:35  Probe x2  
  65  8:40  Stalker x2  
  70  8:45  Probe  
  70  8:47  Probe  
  72  8:55  Stalker x3  
  72  9:01  Probe x2  
  78  9:03  Protoss Ground Weapons Level 2 (Chrono Boost)  
  78  9:04  Probe  
  79  9:11  Observer  
  79  9:13  Probe x2  
  79  9:16  Probe  
  83  9:18  Pylon, Sentry x2  
  87  9:25  Stalker, Probe  
  87  9:26  Probe  
  91  9:37  Sentry, Immortal (Chrono Boost)  
  97  9:45  Immortal (Chrono Boost)  
  101  9:59  Probe  
  101  10:03  Immortal  
  105  10:11  Immortal  
  109  10:15  Stalker x3  
  109  10:16  Stalker x2  
  119  10:21  Probe  
  120  10:29  Nexus  
  120  10:40  Pylon  
  120  10:49  Stalker x5  
  130  10:56  Immortal (Chrono Boost)  
  134  11:06  Shield Battery  
  134  11:10  Pylon  
  134  11:12  Sentry x3  
  139  11:39  Stalker x4  
  147  11:40  Stalker  
  149  11:53  Robotics Bay  
  149  11:56  Nexus  
  130  12:17  Stalker x2  
  129  12:23  Probe  
  130  12:31  Nexus  
  130  12:41  Probe  
  130  12:43  Probe x2  
  133  12:44  Pylon  
  132  12:59  Probe  
  132  13:02  Probe  
  140  13:06  Colossus  
  115  13:23  Sentry  
  117  13:28  Pylon x2  
  50  13:58  Sentry x5  
Show
View Real Time Build Order
Export as new Build Order

Denver Zerg - Winner!

Build Orders: Hatch First 

Get SALT Encoding   

  12  0:00  Drone  
  13  0:12  Overlord  
  13  0:16  Drone  
  14  0:31  Drone x2  
  16  0:49  Hatchery  
  15  0:51  Drone  
  15  0:55  Drone  
  17  0:58  Drone  
  18  1:08  Extractor  
  17  1:13  Spawning Pool  
  17  1:16  Drone  
  17  1:20  Drone  
  18  1:28  Drone  
  19  1:40  Drone  
  20  1:50  Overlord  
  20  2:00  Queen  
  20  2:01  Queen, Zergling x2  
  22  2:02  Zergling x2  
  26  2:10  Metabolic Boost  
  26  2:11  Drone x2  
  28  2:23  Drone x2  
  30  2:35  Hatchery  
  29  2:38  Drone  
  29  2:40  Drone  
  31  2:45  Overlord  
  31  2:49  Drone  
  32  2:54  Queen  
  34  2:59  Drone  
  34  3:01  Drone  
  36  3:06  Queen  
  36  3:09  Drone x2  
  40  3:14  Overlord  
  40  3:16  Drone  
  40  3:19  Drone x2  
  43  3:24  Spore Crawler  
  43  3:26  Spore Crawler  
  41  3:30  Overlord  
  41  3:36  Drone x2  
  41  3:40  Drone  
  44  3:44  Overlord  
  44  3:48  Drone x4  
  48  3:53  Drone  
  48  3:56  Queen  
  48  4:00  Drone x2  
  52  4:02  Drone  
  52  4:04  Spore Crawler  
  52  4:08  Zergling x6  
  54  4:14  Overlord  
  54  4:17  Overlord  
  54  4:20  Drone x3  
  54  4:21  Drone  
  58  4:30  Roach Warren, Overlord  
  57  4:33  Lair  
  57  4:37  Drone x3  
  60  4:40  Extractor x2  
  60  4:44  Drone x4  
  61  4:50  Drone x2  
  61  4:59  Overlord  
  61  5:11  Roach  
  61  5:12  Roach x5  
  73  5:14  Overlord x2  
  73  5:20  Roach  
  73  5:21  Roach x3  
  81  5:22  Extractor, Overlord  
  81  5:25  Queen  
  82  5:31  Glial Reconstitution  
  82  5:32  Queen  
  82  5:34  Overseer  
  84  5:39  Roach x3  
  90  5:43  Overlord  
  90  5:46  Roach x3  
  96  5:50  Overlord  
  96  5:54  Roach x2  
  100  5:58  Overlord  
  100  6:00  Roach x2  
  104  6:04  Roach x2  
  104  6:07  Overlord  
  108  6:17  Roach x4  
  112  6:24  Roach x4  
  118  6:27  Roach x2  
  122  6:34  Roach x3  
  128  6:40  Roach  
  128  6:41  Roach x2  
  134  6:50  Roach x3  
  136  6:57  Ravager x2  
  133  7:04  Roach x5  
  133  7:12  Roach x3  
  123  7:25  Roach  
  123  7:26  Roach x4  
  127  7:35  Roach x3  
  118  7:39  Queen x2  
  118  7:42  Ravager  
  118  7:44  Roach  
  121  7:46  Queen  
  121  7:53  Roach x2  
  111  8:05  Roach x4  
  100  8:15  Queen  
  92  8:20  Hatchery  
  92  8:23  Queen, Roach x5  
  95  8:28  Drone x3  
  95  8:30  Evolution Chamber  
  95  8:36  Drone  
  96  8:43  Roach x2  
  96  8:45  Queen  
  96  8:48  Drone  
  97  8:53  Roach x2  
  97  8:59  Zerg Missile Weapons Level 1  
  97  9:00  Drone x9  
  100  9:04  Roach  
  100  9:05  Roach x2  
  106  9:15  Ravager x3  
  106  9:16  Burrow  
  109  9:17  Tunneling Claws  
  109  9:19  Drone x3  
  112  9:25  Roach x2  
  112  9:28  Baneling Nest  
  112  9:29  Roach  
  117  9:32  Overlord  
  117  9:33  Roach  
  117  9:34  Roach x4  
  117  9:35  Roach  
  129  9:42  Zergling x2  
  129  9:43  Zergling x10  
  129  9:44  Ravager  
  136  9:47  Overlord  
  136  9:49  Overlord  
  136  9:59  Drone x7  
  143  10:03  Overseer  
  143  10:05  Overseer  
  143  10:11  Hatchery, Centrifical Hooks  
  143  10:12  Drone x2, Extractor  
  143  10:13  Drone  
  143  10:14  Drone x3, Extractor  
  137  10:17  Zergling x8  
  143  10:24  Overlord  
  143  10:26  Roach x4  
  151  10:32  Ravager x3  
  151  10:34  Overlord  
  154  10:39  Zergling x14  
  159  10:43  Extractor, Spine Crawler  
  159  10:44  Spine Crawler  
  159  10:45  Overlord  
  159  10:47  Overseer  
  159  10:48  Spine Crawler  
  155  10:50  Zergling x6  
  155  10:52  Overlord  
  155  10:56  Drone x3  
  161  10:59  Overlord  
  161  11:01  Baneling x11  
  161  11:07  Zergling x2  
  161  11:08  Zergling x10  
  161  11:09  Overlord  
  167  11:16  Zergling x6  
  167  11:17  Zergling x8  
  174  11:20  Baneling x7  
  174  11:21  Baneling  
  172  11:28  Zergling x16  
  171  11:37  Zerg Melee Weapons Level 1  
  171  11:39  Drone  
  178  11:40  Drone x6  
  178  11:42  Zergling x2  
  178  11:43  Zergling x6  
  182  11:48  Baneling  
  182  11:49  Baneling x10  
  182  11:57  Infestation Pit  
  182  11:59  Zergling x16  
  189  12:07  Zergling x10  
  189  12:08  Zergling x6  
  174  12:17  Zergling x20  
  181  12:24  Zergling x14  
  181  12:27  Baneling x7  
  181  12:29  Baneling x4  
  188  12:30  Baneling  
  188  12:38  Zergling x2  
  188  12:39  Zergling x18  
  188  12:41  Overlord  
  198  12:45  Overlord  
  198  12:46  Overlord  
  198  12:49  Baneling x8  
  198  12:50  Baneling x6  
  191  12:59  Overlord  
  191  13:04  Zergling x2  
  191  13:05  Zergling x28  
  185  13:12  Zergling x16  
  170  13:20  Roach x4  
  170  13:26  Roach x6  
  185  13:27  Baneling x3  
  185  13:28  Baneling x2  
  185  13:29  Baneling x2  
  185  13:30  Baneling x2  
  185  13:31  Baneling  
  185  13:34  Zergling x6  
  181  13:46  Zergling x22  
  181  13:47  Zergling x6  
Tags
 
Add a new tag
Caveats
  • Supply blocks, unpowered buildings, or Contaminate may cause inaccurate times.
  • Supply counts are checked every 10 seconds.